 Dungeon Crawl Stone Soup version 0.20.1-1-g8b1a95d (webtiles) character file.

114773 letownia2 the Severer (level 16, -3/141 HPs)
             Began as a Deep Dwarf Necromancer on Nov 22, 2017.
             Was an Initiate of Gozag.
             Slain by a stone giant (35 damage)
             ... summoned by a lunar statue
             ... in a wizard's laboratory.
             The game lasted 01:34:10 (24651 turns).

letownia2 the Severer (Deep Dwarf Necromancer)     Turns: 24651, Time: 01:34:11

Health: -3/141     AC: 16    Str: 17    XL:     16   Next: 17%
Magic:  33/38      EV: 20    Int: 23    God:    Gozag
Gold:   1836       SH:  5    Dex: 18    Spells: 11/32 levels left

rFire    + + +     SeeInvis .   e - +1 executioner's axe (freeze)
rCold    + + .     Gourm    .   (shield currently unavailable)
rNeg     + . .     Faith    .   z - quicksilver dragon scales
rPois    +         Spirit   .   g - +3 hat of Pondering {ponderous, MR+ MP+10 Int+5}
rElec    +         Reflect  +   (no cloak)
rCorr    +         Harm     .   F - -2 pair of gloves of Fortitude {rElec rF+++ Slay+3} (curse)
MR       ++++.     Rnd*Rage +   B - +1 pair of boots
Stlth    +++.......             T - +5 amulet of reflection
Regen    0.0/turn               f - ring of ice
MPRegen  0.3/turn               s - ring of poison resistance

@: agile, resistant, gold aura, berserk cooldown, non-regenerating, hasted and
slowed, slow
A: damage resistance, heal wounds, berserk 1, negative energy resistance 1,
sense surroundings 2, screaming 1, electricity resistance, MP-powered wands, no
regeneration
a: Heal Wounds, Potion Petition, Call Merchant, Bribe Branch, Renounce Religion


You were in a wizard's laboratory.
You worshipped Gozag.
Gozag was most pleased with you.
You were hungry.

You visited 5 branches of the dungeon, and saw 25 of its levels.
You visited 1 bazaar.
You also visited: Volcano and Wizlab.

You collected 8743 gold pieces.
You spent 852 gold pieces at shops.
You paid 6055 gold pieces to Gozag.

Inventory:

Hand Weapons
 a - a +2 broad axe of chopping
 b - the +6 trident "Figuiw" {speed, rF++ MR+ MP+9}
   (You found it on level 4 of the Dungeon)

   Attacks with this weapon are significantly faster.
   It greatly protects you from fire.
   It affects your resistance to hostile enchantments.
   It affects your magic capacity (+9).
 d - a +2 battleaxe of electrocution
 e - a +1 executioner's axe of freezing (weapon)
 w - a +0 blowgun
Missiles
 H - 9 curare-tipped needles
Armour
 g - the +3 hat of Pondering (worn) {ponderous, MR+ MP+10 Int+5}
   (You took it off Gastronok on level 3 of the Lair of Beasts)

   It affects your intelligence (+5).
   It affects your resistance to hostile enchantments.
   It affects your magic capacity (+10).
 t - a +3 scale mail of cold resistance
 z - quicksilver dragon scales (worn)
 B - a +1 pair of boots (worn)
 F - the cursed -2 pair of gloves of Fortitude (worn) {rElec rF+++ Slay+3}
   (You bought it in a shop on level 2 of the Lair of Beasts)

   It affects your accuracy and damage with ranged weapons and melee attacks
   (+3).
   It renders you almost immune to fire.
   It insulates you from electricity.
   It has a curse placed upon it.
Jewellery
 f - a ring of ice (left hand)
 m - an uncursed ring of see invisible
 s - a ring of poison resistance (right hand)
 G - an uncursed ring of protection from magic
 I - an uncursed ring of resist corrosion
 J - an uncursed ring of magical power
 T - a +5 amulet of reflection (around neck)
Wands
 k - a wand of clouds (4/9)
 x - a wand of clouds (1/9)
 K - a wand of random effects (28/48)
 L - a wand of digging (7/24)
 N - a wand of confusion (13/48)
 O - a wand of polymorph (8/24)
Scrolls
 i - 3 scrolls of identify
 j - 2 scrolls of magic mapping
 o - 8 scrolls of remove curse
 u - a scroll of blinking
 v - a scroll of holy word
 E - 4 scrolls of immolation
 U - 4 scrolls of teleportation
Potions
 l - a potion of flight
 q - 2 potions of might
 r - 4 potions of resistance
 C - a potion of agility
 M - a potion of lignification
 P - 2 potions of brilliance
 S - 5 potions of mutation
 V - 2 potions of magic
Comestibles
 c - 3 bread rations
 h - 15 meat rations


   Skills:
 - Level 8.6 Fighting
 + Level 20.0 Axes
 - Level 7.7 Armour
 - Level 6.1 Dodging
 - Level 2.4 Stealth
 - Level 8.8 Spellcasting
 - Level 14.5 Necromancy
 - Level 2.1 Air Magic
 - Level 8.7 Evocations


You had 11 spell levels left.
You knew the following spells:

 Your Spells              Type           Power        Failure   Level  Hunger
a - Pain                  Necr           ####         1%          1    None
b - Blink                 Tloc           N/A          16%         2    None
i - Silence               Hex/Air        ###.......   88%         5    ####...
r - Deflect Missiles      Chrm/Air       ###.......   100%        6    ######.
s - Swiftness             Chrm/Air       ###.....     11%         2    None
t - Shroud of Golubria    Chrm/Tloc      ##........   16%         2    None
v - Vampiric Draining     Necr           ######....   1%          3    None


Dungeon Overview and Level Annotations

Branches:
Dungeon (15/15)            Temple (1/1) D:6            Lair (6/6) D:11
  Slime (0/5) Lair:6          Orc (2/2) D:12            Elf (1/3) Orc:2
 Vaults (0/5) D:13         Depths (0/5) D:15
  Swamp: Lair:2-4    Shoals: Lair:2-4     Snake: Lair:2-4    Spider: Lair:2-4

Altars:
Ashenzari
Dithmenos
Elyvilon
Fedhas
Gozag
Hepliaklqana
Makhleb
Nemelex Xobeh
Okawaru
Qazlal
Ru
Sif Muna
Trog
Uskayaw
Vehumet
Xom
Yredelemnul
The Shining One
Beogh
Lugonu

Shops:
D:4 (   D:6 *   D:7 (   D:10 !   D:11 [*   D:12 (   Orc:1 =   Orc:2 ?%*:([
Elf:1 *[   Lair:2 (([=

Annotations:
D:8 exclusion: hydra


Innate Abilities, Weirdness & Mutations

You are resistant to damage.
You can heal yourself by infusing magical energy.
You resist negative energy. (rN+)
You passively map the area around you.
You do not regenerate.
You tend to lose your temper in combat.
You occasionally shout uncontrollably at your foes.
You are resistant to electric shocks. (rElec)
You expend magic power (3 MP) to strengthen your wands.


Message History

Unknown command.
Unknown command.
You completely miss the stone giant.
The stone giant is lightly wounded.
The stone giant is engulfed in poison gas.
The stone giant looks even sicker.
The stone giant hits you!
* * * LOW HITPOINT WARNING * * *
Unknown command.
Unknown command.
You slash the stone giant!
The stone giant is lightly wounded.
Unknown command.
Wield which item (- for none, * to show all)? (? for menu, Esc to quit)
Your +1 executioner's axe of freezing glows with a cold blue light!
e - a +1 executioner's axe of freezing (weapon)
The stone giant is engulfed in poison gas.
The stone giant looks as sick as possible!
The stone giant hits you!!!
You die...
Your body crumbles into a pile of gold.

##..#.##..##....##,,**,,,,,,,
#..##..#..P#.#...#,,,*,,,,,,,
##......#..##.....#,,,**,,,,,,
#P...#######....###*,,,**,,,,,
##..##..§P§##..##,,*,,,,***,,,
#''#.P.§§P.#''#,,,**,,,,,,,,,
#..#....§§§#..#,,,,**,,,,,,,,
#..#.....P§C§.#,,,,,***,,,,,,
#..##P....##@.#,,,,,,,****,,,
#...####C##...#,,**,,,,,,****
##...........##,,,,,,,,,,,,,,
*##P.......P##,,,*,,,,,,,,,,,
**≈###.....###,,*,,,,,****,,,,
**≈≈,,##.#.##,,,,**,,,** **,,,
*≈*,..........,,,,,,,** *+++
**≈,,...........,,,,,,*
****,,,
*≈≈..#.....##..#..,,,**
**,,8,,,


You could see a stone giant.

Vanquished Creatures
  Rupert (Orc:2)
  7 tentacled starspawn (WizLab)
  Gastronok (Lair:3)
  Agnes (D:14)
  Donald (Elf:1)
  A cacodemon (WizLab)
  A war gargoyle (WizLab)
  A stone giant (WizLab)
  A dire elephant (D:15)
  A crystal guardian (WizLab)
  Josephine (Orc:2)
  Snorg (Lair:3)
  4 great orbs of eyes (WizLab)
  The ghost of vuolankoinen the Covert, a journeyman OpWz of Hepliaklqana (Volcano)
  A vault guard (D:13)
  6 hydras
  A catoblepas (Lair:6)
  3 centaur warriors
  A deep troll shaman (Lair:6)
  2 tengu warriors
  8 two-headed ogres
  6 death yaks (Lair:6)
  An ogre mage (D:14)
  4 orc high priests
  A deep elf knight (Elf:1)
  3 unseen horrors
  3 glowing orange brains (WizLab)
  A wizard (D:14)
  A deep elf archer (Elf:1)
  3 lindwurms
  5 orc knights
  6 ugly things
  3 cyclopes
  4 deep elf magi
  A wolf spider (D:15)
  4 manticores
  3 orc sorcerers
  11 elephants (Lair:6)
  A salamander (D:15)
  A toenail golem (Volcano)
  3 centaur zombies
  4 black mambas
  A torpor snail (Lair:4)
  A water nymph (shapeshifter) (D:15)
  3 molten gargoyles (Volcano)
  6 spiny frogs
  Psyche (D:8)
  An eye of devastation (WizLab)
  4 centaur skeletons
  A gargoyle (D:11)
  8 kobold demonologists
  An efreet (Volcano)
  3 rime drakes
  10 komodo dragons
  The ghost of yogakurto the Archer, a novice SpHu of Gozag (D:5)
  A polar bear (shapeshifter) (D:15)
  A tengu conjurer (D:14)
  A jumping spider (Elf:1)
  3 polar bears
  5 trolls
  2 dream sheep (D:8)
  18 blink frogs
  4 hippogriffs
  4 wraiths
  A wyvern (D:11)
  A shadow (D:14)
  3 vampires
  3 basilisks
  51 yaks
  2 fire elementals
  A neqoxec (WizLab)
  A hungry ghost (D:11)
  A steam dragon (D:11)
  2 vampire mosquitoes (D:14)
  A harpy simulacrum (D:14)
  6 wargs
  3 porcupines
  An acid dragon (D:13)
  12 water moccasins
  6 black bears
  21 orc warriors
  2 ice beasts
  2 sky beasts
  4 starcursed masses (WizLab)
  11 ogres
  8 wolves (Lair:6)
  4 phantoms
  3 boggarts (D:15)
  6 centaurs (D:15)
  8 crocodiles
  6 big kobolds
  13 bullfrogs
  A wyvern zombie (D:12)
  2 earth elementals (Volcano)
  3 scorpions
  4 killer bees (D:8)
  14 wights
  2 electric eels
  A howler monkey (D:13)
  4 crimson imps
  A quasit (D:14)
  3 bullfrog skeletons
  A gnoll shaman (D:4)
  3 hounds
  18 jellies
  20 orc priests
  3 iguanas
  32 orc wizards
  6 worker ants
  A hound skeleton (D:11)
  3 gnolls (D:4)
  3 worker ant zombies
  15 adders
  9 shadow imps
  2 oozes
  3 worms
  2 dart slugs
  7 leopard geckos
  110 orcs
  A ball python (D:5)
  5 bats
  5 giant cockroaches
  12 hobgoblins
  3 jackals (D:7)
  4 quokkas
  3 frilled lizards
  8 goblins
  A jackal zombie (D:5)
  17 kobolds
  A leopard gecko skeleton (D:4)
  A leopard gecko zombie (D:6)
  5 rats
  5 plants
  7 starspawn tentacles (WizLab)
728 creatures vanquished.

Vanquished Creatures (others)
  2 dancing weapons (Elf:1)
  An orc (Orc:2)
  3 demonic plants (WizLab)
  5 fungi (Lair:6)
  5 plants (Lair:6)
  27 starspawn tentacles (WizLab)
43 creatures vanquished.

Grand Total: 771 creatures vanquished

Notes
Turn   | Place    | Note
-------+----------+-------------------------------------------
     0 | D:1      | letownia2 the Deep Dwarf Necromancer began the quest for the Orb.
     0 | D:1      | Reached XP level 1. HP: 15/15 MP: 3/3
   239 | D:1      | Found a sparkling altar of Nemelex Xobeh.
   346 | D:1      | Reached XP level 2. HP: 22/22 MP: 0/5
   933 | D:4      | Reached skill level 5 in Necromancy
   933 | D:4      | Reached XP level 3. HP: 26/28 MP: 0/6
   990 | D:4      | Got an encrusted trident
   991 | D:4      | Identified the +6 trident "Figuiw" {speed, rF++ MR+ MP+9} (You found it on level 4 of the Dungeon)
  1085 | D:4      | Learned a level 3 spell: Vampiric Draining
  1130 | D:4      | Found Tufiar's Antique Weapon Emporium.
  1141 | D:4      | Reached XP level 4. HP: 30/36 MP: 8/8
  1261 | D:4      | Noticed an ogre
  1269 | D:4      | Killed an ogre
  1269 | D:4      | Reached XP level 5. HP: 28/42 MP: 5/9
  1450 | D:4      | Reached skill level 1 in Armour
  1546 | D:4      | Reached skill level 1 in Fighting
  1547 | D:4      | Reached XP level 6. HP: 46/51 MP: 3/10
  2016 | D:5      | Entered Level 5 of the Dungeon
  2354 | D:5      | Reached XP level 7. HP: 59/61 MP: 11/11
  2395 | D:5      | Noticed yogakurto's ghost (novice SpHu)
  2603 | D:5      | Killed yogakurto's ghost
  2642 | D:5      | Got an encrusted chain mail
  2995 | D:5      | Identified the cursed +0 chain mail of Sin {+Blink rElec MR- Dex+5} (You found it on level 5 of the Dungeon)
  3019 | D:6      | Found a staircase to the Ecumenical Temple.
  3040 | Temple   | Entered the Ecumenical Temple
  3055 | Temple   | Became a worshipper of Gozag Ym Sagoz the Greedy
  3212 | D:6      | Reached XP level 8. HP: 58/68 MP: 13/13
  3849 | D:6      | Found Lodeerim's Assorted Antiques.
  4110 | D:3      | Found a faded altar of an unknown god.
  4661 | D:2      | Found an iron altar of Okawaru.
  4797 | D:2      | Found a shimmering altar of Xom.
  4798 | D:2      | Found a hazy altar of Hepliaklqana.
  4799 | D:2      | Noticed a spectral ugly thing
  5125 | D:2      | Reached skill level 5 in Spellcasting
  6011 | D:7      | Reached skill level 1 in Axes
  6059 | D:7      | Reached skill level 2 in Axes
  6171 | D:7      | Found a shattered altar of Ashenzari.
  6210 | D:7      | Found Sast's Antique Weapon Shop.
  6248 | D:7      | Reached skill level 3 in Axes
  6452 | D:7      | Found a sparkling altar of Nemelex Xobeh.
  6454 | D:7      | Found a burning altar of Makhleb.
  6472 | D:7      | Found an iron altar of Okawaru.
  6479 | D:7      | Found a sacrificial altar of Ru.
  6486 | D:7      | Found a stormy altar of Qazlal.
  6504 | D:7      | Found a shadowy altar of Dithmenos.
  6508 | D:7      | Found a blossoming altar of Fedhas.
  6676 | D:8      | Noticed a two-headed ogre
  6695 | D:8      | Killed a two-headed ogre
  6695 | D:8      | Reached skill level 5 in Axes
  6695 | D:8      | Gained mutation: You passively map the area around you. [Deep Dwarf growth]
  6695 | D:8      | Reached XP level 9. HP: 61/74 MP: 14/18
  6798 | D:8      | Noticed a centaur warrior
  6811 | D:8      | Killed a centaur warrior
  6811 | D:8      | Reached skill level 5 in Evocations
  6891 | D:8      | Found a glowing golden altar of the Shining One.
  6900 | D:8      | Noticed Psyche
  6920 | D:8      | Killed Psyche
  7044 | D:8      | Found a white marble altar of Elyvilon.
  7433 | D:8      | Reached XP level 10. HP: 71/81 MP: 21/21
  7579 | D:8      | Noticed a three-headed hydra
  7594 | D:8      | Learned a level 2 spell: Swiftness
  7704 | D:9      | Found a roughly hewn altar of Beogh.
  7839 | D:9      | Noticed a two-headed ogre
  7847 | D:9      | Killed a two-headed ogre
  8398 | D:10     | Entered Level 10 of the Dungeon
  8426 | D:10     | Found a shimmering altar of Xom.
  8428 | D:10     | Found a shimmering altar of Xom.
  8428 | D:10     | Found a shimmering altar of Xom.
  8428 | D:10     | Found a shimmering altar of Xom.
  8428 | D:10     | Found a shimmering altar of Xom.
  8428 | D:10     | Found a shimmering altar of Xom.
  8601 | D:10     | Noticed an unseen horror
  8781 | D:10     | Found Cepheono's Distillery.
  9023 | D:10     | Reached skill level 6 in Axes
  9109 | D:11     | Noticed a two-headed ogre
  9118 | D:11     | Killed a two-headed ogre
  9266 | D:11     | Reached XP level 11. HP: 90/91 MP: 23/23
  9311 | D:11     | Found a staircase to the Lair.
  9628 | D:11     | Reached skill level 5 in Armour
  9682 | D:11     | Reached skill level 7 in Axes
  9714 | D:11     | Reached skill level 10 in Necromancy
  9761 | D:11     | Noticed an unseen horror
  9772 | D:11     | Killed an unseen horror
  9804 | D:11     | Reached skill level 5 in Fighting
 10089 | D:12     | Noticed a centaur warrior
 10097 | D:12     | Killed a centaur warrior
 10306 | D:12     | Reached skill level 8 in Axes
 10331 | D:12     | Got a crude spear
 10335 | D:12     | Identified the +8 spear of Vereqon {venom, MR+ Str+2} (You found it on level 12 of the Dungeon)
 10523 | D:12     | Found a staircase to the Orcish Mines.
 10526 | D:12     | Found Fariklal's Weapon Shop.
 10803 | Lair:1   | Entered Level 1 of the Lair of Beasts
 11117 | Lair:1   | Reached skill level 9 in Axes
 11139 | Lair:1   | Reached XP level 12. HP: 79/106 MP: 19/24
 11870 | Lair:2   | Bought a runed executioner's axe for 364 gold pieces
 12689 | Lair:3   | Reached skill level 10 in Axes
 12715 | Lair:3   | Noticed Snorg
 12787 | Lair:3   | Noticed Gastronok
 12810 | Lair:3   | Killed Gastronok
 12831 | Lair:3   | Killed Snorg
 12909 | Lair:3   | Found a dark tunnel.
 12926 | Volcano  | Entered a volcano
 13015 | Volcano  | Noticed vuolankoinen's ghost (journeyman OpWz)
 13035 | Volcano  | Killed vuolankoinen's ghost
 13198 | Volcano  | Got a heavily runed hat
 13235 | Volcano  | Identified the +0 hat "Siagreuc" {rPois MR+ Int-5 SInv} (You found it in a volcano)
 13377 | Lair:2   | Learned a level 5 spell: Silence
 13384 | Lair:2   | Learned a level 6 spell: Deflect Missiles
 13498 | Lair:3   | Reached skill level 11 in Axes
 13498 | Lair:3   | Reached XP level 13. HP: 54/115 MP: 25/25
 14146 | D:12     | Reached skill level 1 in Air Magic
 14258 | Orc:1    | Entered Level 1 of the Orcish Mines
 14596 | Orc:2    | Entered Level 2 of the Orcish Mines
 14606 | Orc:2    | Noticed Rupert
 14660 | Orc:2    | Killed Rupert
 15307 | Orc:2    | Noticed Josephine
 15334 | Orc:2    | Killed Josephine
 15339 | Orc:2    | Reached skill level 12 in Axes
 16000 | D:13     | Found a gate to the Vaults.
 16723 | D:13     | Reached skill level 13 in Axes
 17118 | D:14     | Noticed Agnes
 17218 | D:14     | Killed Agnes
 17218 | D:14     | Gained mutation: You resist negative energy. (rN+) [Deep Dwarf growth]
 17218 | D:14     | Reached XP level 14. HP: 94/123 MP: 26/26
 17501 | D:14     | Found a blossoming altar of Fedhas.
 17535 | D:14     | Reached skill level 14 in Axes
 17890 | Orc:2    | Found Taeted's Food Shoppe.
 17892 | Orc:2    | Found a staircase to the Elven Halls.
 17899 | Orc:2    | Found Agefed Wuu's Magic Scroll Shop.
 18096 | Orc:1    | Found Xeloriry's Jewellery Boutique.
 18149 | Orc:1    | You fall through a shaft!
 18410 | Orc:2    | Found Biatur's Assorted Antiques.
 18410 | Orc:2    | Found Hymitwor's Armour Emporium.
 18412 | Orc:2    | Found Teklous's Book Boutique.
 18412 | Orc:2    | Found Jokaabb's Antique Weapon Emporium.
 18421 | Orc:2    | Bought a coppery potion for 35 gold pieces
 18421 | Orc:2    | Bought a puce potion for 35 gold pieces
 18790 | D:14     | Reached skill level 15 in Axes
 19211 | D:15     | Entered Level 15 of the Dungeon
 19815 | D:15     | Found a staircase to the Depths.
 20047 | D:15     | Reached skill level 16 in Axes
 21187 | Lair:2   | Bought a pair of shimmering gloves for 313 gold pieces
 21197 | Lair:2   | Identified the cursed -2 pair of gloves of Fortitude {rElec rF+++ Slay+3} (You bought it in a shop on level 2 of the Lair of Beasts)
 21262 | Lair:6   | Entered Level 6 of the Lair of Beasts
 21262 | Lair:6   | Found a radiant altar of Vehumet.
 21289 | Lair:6   | Reached XP level 15. HP: 115/134 MP: 26/27
 21660 | Lair:6   | Reached skill level 17 in Axes
 21860 | Lair:6   | Found a staircase to the Slime Pits.
 22501 | Lair:6   | Reached skill level 5 in Dodging
 22657 | Lair:6   | Reached skill level 18 in Axes
 22854 | Lair:2   | Learned a level 2 spell: Blink
 22857 | Lair:2   | Learned a level 2 spell: Shroud of Golubria
 22956 | Elf:1    | Entered Level 1 of the Elven Halls
 22956 | Elf:1    | Noticed Donald
 23016 | Elf:1    | Killed Donald
 23099 | Elf:1    | Found Nuicolacw's Antique Armour Shoppe.
 23099 | Elf:1    | Found Lyname's General Store.
 23108 | Elf:1    | Found a flickering gateway to a bazaar.
 23114 | Bazaar   | Entered a bazaar
 23114 | Bazaar   | Found Izxefod's Magic Scroll Shoppe.
 23114 | Bazaar   | Found Cekyur's Assorted Antiques.
 23115 | Bazaar   | Found Iluggawk's Jewellery Emporium.
 23115 | Bazaar   | Found Joniowipir's Gadget Emporium.
 23137 | Bazaar   | Bought a scroll of holy word for 105 gold pieces
 23258 | Elf:1    | Found a magical portal.
 23263 | WizLab   | Entered Lehudib's Moon Base
 23354 | WizLab   | Noticed a tentacled starspawn
 23378 | WizLab   | Killed a tentacled starspawn
 23398 | WizLab   | Noticed a tentacled starspawn
 23416 | WizLab   | Killed a tentacled starspawn
 23619 | WizLab   | Noticed a tentacled starspawn
 23639 | WizLab   | Killed a tentacled starspawn
 23660 | WizLab   | Noticed a tentacled starspawn
 23662 | WizLab   | Noticed a tentacled starspawn
 23683 | WizLab   | Reached skill level 19 in Axes
 23684 | WizLab   | Killed a tentacled starspawn
 23689 | WizLab   | Killed a tentacled starspawn
 23899 | WizLab   | Noticed a tentacled starspawn
 23910 | WizLab   | Killed a tentacled starspawn
 23910 | WizLab   | Reached XP level 16. HP: 87/141 MP: 15/28
 24258 | WizLab   | Noticed a tentacled starspawn
 24270 | WizLab   | Killed a tentacled starspawn
 24318 | WizLab   | Gained mutation: You are resistant to electric shocks. (rElec) [a neqoxec]
 24319 | WizLab   | Gained mutation: You expend magic power (3 MP) to strengthen your wands. [a neqoxec]
 24323 | WizLab   | Gained mutation: You tend to lose your temper in combat. [a cacodemon]
 24329 | WizLab   | Gained mutation: You occasionally shout uncontrollably at your foes. [a cacodemon]
 24634 | WizLab   | Reached skill level 20 in Axes
 24651 | WizLab   | Slain by a stone giant

Skill      XL: |  1  2  3  4  5  6  7  8  9 10 11 12 13 14 15 16 |
---------------+-------------------------------------------------+-----
Spellcasting   | 2 3 6 7 8 |  8.8
Necromancy     | 5 6 7 9 11 12 14 | 14.5
Armour         | 1 3 4 5 7 |  7.7
Fighting       | 1 2 3 6 7 8 |  8.6
Axes           | 5 6 9 11 13 16 19 20 | 20.0
Evocations     | 7 8 |  8.7
Dodging        | 3 6 |  6.1
Air Magic      | 2 |  2.1
Stealth        | |  2.4

Action                   |  1- 3 |  4- 6 |  7- 9 | 10-12 | 13-15 | 16-18 || total
-------------------------+-------+-------+-------+-------+-------+-------++-------
Melee: Unarmed           |     6 |       |       |       |       |       ||     6
       Dagger            |     3 |       |       |       |       |       ||     3
       Trident           |       |    50 |   352 |   671 |   533 |       ||  1606
       Spear             |       |       |       |    50 |    15 |       ||    65
       Executioner's axe |       |       |       |     3 |     8 |       ||    11
       War axe           |       |       |       |       |   548 |       ||   548
       Battleaxe         |       |       |       |       |    42 |       ||    42
       Broad axe         |       |       |       |       |    21 |    44 ||    65
Throw: Throwing net      |       |       |       |       |     2 |       ||     2
 Cast: Pain              |    49 |     8 |     5 |    12 |    23 |       ||    97
       Vampiric Draining |       |    25 |    41 |   234 |   486 |    19 ||   805
Invok: Call Merchant     |       |       |       |     3 |     3 |       ||     6
       Potion Petition   |       |       |       |       |       |     1 ||     1
Evoke: Wand              |       |       |     1 |    20 |    14 |     5 ||    40
  Use: Scroll            |       |       |     3 |    27 |    14 |     3 ||    47
       Potion            |       |       |       |     2 |     7 |    10 ||    19
 Stab: Distracted        |       |       |     1 |     3 |     6 |       ||    10
       Sleeping          |       |       |       |     2 |     2 |       ||     4
       Confused          |       |       |       |     3 |     1 |       ||     4
       Held in net/web   |       |       |       |       |     2 |       ||     2
  Eat: Chunk             |     1 |     7 |     3 |       |       |       ||    11
       Bread ration      |       |       |     3 |       |     5 |       ||     8
       Royal jelly       |       |       |     2 |     6 |     3 |       ||    11
       Fruit             |       |       |       |    18 |     8 |       ||    26
Armor: Leather armour    |     5 |       |       |       |       |       ||     5
       Robe              |     3 |       |       |       |       |       ||     3
       Ring mail         |     3 |     5 |    12 |       |       |       ||    20
       Quicksilver drago |       |       |    61 |   204 |   568 |    15 ||   848
       Fire dragon scale |       |       |       |     5 |       |       ||     5
Dodge: Dodged            |    20 |    23 |    91 |   294 |   619 |    11 ||  1058
Block: Other             |       |     4 |    34 |   100 |   259 |     6 ||   403
       Reflection        |       |       |     2 |     6 |    11 |       ||    19
